 Dungeon Crawl Stone Soup version 0.23-a0-128-g2d122ddfbf (webtiles) character file.

132 Rrauwl the Chopper (level 5, -1/46 HPs)
             Began as a Hill Orc Monk on Aug 26, 2018.
             Killed by divine providence
             ... invoked by an orc priest
              (10 damage)
             ... on level 3 of the Dungeon on Aug 27, 2018.
             The game lasted 00:05:39 (2336 turns).

Rrauwl the Chopper (Hill Orc Monk)                  Turns: 2336, Time: 00:05:40

Health: -1/46      AC:  3    Str: 15    XL:     5   Next: 15%
Magic:  5/5        EV: 13    Int: 10    God:
Gold:   73         SH:  4    Dex: 13    Spells: 4/4 levels left

rFire    . . .     SeeInvis .   a - +0 hand axe
rCold    . . .     Gourm    .   (no shield)
rNeg     . . .     Faith    .   b - +0 robe
rPois    .         Spirit   .   l - +0 hat
rElec    .         Reflect  +   (no cloak)
rCorr    .         Harm     .   (no gloves)
MR       .....                  n - +0 pair of boots
Stlth    ++........             o - +4 amulet of reflection
HPRegen  0.15/turn              (no ring)
MPRegen  0.09/turn              (no ring)

@: no status effects
A: no striking features
a: Convert to Beogh


You were on level 3 of the Dungeon.
You were not hungry.

You visited 1 branch of the dungeon, and saw 3 of its levels.

You collected 73 gold pieces.

Inventory:

Hand Weapons
 a - a +0 hand axe (weapon)
Missiles
 p - 21 bolts
Armour
 b - a +0 robe (worn)
 l - a +0 hat (worn)
 n - a +0 pair of boots (worn)
Jewellery
 o - a +4 amulet of reflection (around neck)
Scrolls
 e - 2 scrolls of remove curse {unknown}
 h - 4 scrolls of teleportation {unknown}
 i - 2 scrolls of identify {unknown}
 j - a scroll of fog {unknown}
 m - a scroll of immolation {unknown}
Potions
 d - a potion of heal wounds {unknown}
 f - 2 potions of curing {unknown}
 g - a potion of invisibility {unknown}
 k - a potion of flight {unknown}
 q - a potion of haste {unknown}
Comestibles
 c - 6 rations


   Skills:
 - Level 4.0 Fighting
 + Level 6.5 Axes
 - Level 3.0 Dodging
 - Level 2.0 Stealth


You had 4 spell levels left.
You didn't know any spells.
Your spell library was empty.

Dungeon Overview and Level Annotations

Branches:
Dungeon (3/15)

Altars:
Yredelemnul
The Shining One


Message History

The orc misses you.
You hit the orc but do no damage.
The orc is severely wounded.
You barely miss the orc.
The orc is severely wounded.
The orc completely misses you.
You hit the orc.
You kill the orc!
You hit the rat.
You kill the rat!
You hit the orc priest but do no damage.
You hear a shout!
The orc priest hits you with a morningstar!
* * * LOW HITPOINT WARNING * * *
You closely miss the orc priest.
The orc priest threatens, "By the altar or by the axe, you will meet Beogh!"
The orc priest shouts, "Surrender to Beogh and we'll let you live!"
The orc priest calls down the wrath of Beogh upon you.
Beogh smites you!
You die...

#..# #..... .
#.)..## ..
......#
.#.######..#..#
....oK.....#..#
.....r.r##.#..#
........og.#..#
........##o#@†#
+#.#......oo..#
#.#####.#..# ..
#.#..# ...
#.#..#########
..
#.#..........#
.
#.#......#####
#.##.###.#
####.# #.#


You could see an orc priest and an orc wizard.

Vanquished Creatures
  5 adders
  2 worms (D:2)
  3 dart slugs (D:1)
  4 leopard geckos
  An orc (D:3)
  4 bats
  5 giant cockroaches
  8 goblins
  13 hobgoblins
  2 jackals (D:1)
  A ball python (D:1)
  4 frilled lizards
  8 kobolds
  8 rats
68 creatures vanquished.

Notes
Turn   | Place    | Note
-------+----------+-------------------------------------------
     0 | D:1      | Rrauwl the Hill Orc Monk began the quest for the Orb.
     0 | D:1      | Reached XP level 1. HP: 19/19 MP: 1/1
    84 | D:1      | Reached XP level 2. HP: 27/27 MP: 2/2
   437 | D:1      | Reached XP level 3. HP: 22/33 MP: 3/3
   976 | D:2      | Reached skill level 5 in Axes
   976 | D:2      | Reached XP level 4. HP: 24/40 MP: 4/4
  1522 | D:2      | Found a glowing golden altar of the Shining One.
  1559 | D:2      | Found a basalt altar of Yredelemnul.
  1778 | D:2      | Reached skill level 6 in Axes
  1854 | D:2      | Reached XP level 5. HP: 16/46 MP: 5/5
  2336 | D:3      | Killed from afar by an orc priest

Vault maps used:
D:1:      giann_forest_graveyard, serial_bayou_ford_a
D:2:      yredelemnul_altar_generic, lemuel_crystal_altar

Skill      XL: |  1  2  3  4 |
---------------+-------------+-----
Stealth        | 2 |  2.0
Fighting       | 4 |  4.0
Dodging        | 3 |  3.0
Axes           | 5 6 |  6.5

Action                   |  1- 3 |  4- 6 || total
-------------------------+-------+-------++-------
Melee: Hand axe          |   118 |   123 ||   241
 Stab: Sleeping          |     3 |     2 ||     5
  Eat: Chunk             |       |     5 ||     5
Armor: Robe              |    24 |    15 ||    39
Dodge: Dodged            |    75 |    72 ||   147
Block: Other             |       |     5 ||     5

Table legend:
 A = Non-vault XP
 B = Vault XP
 C = Vault XP percentage of total XP
 D = Non-vault monster count
 E = Vault monster count
 F = Vault count percentage of total count
                 A         B        C        D         E       F
            +---------+---------+-------+---------+---------+-------
      Total |     189 |       0 |   0.0 |      68 |       0 |   0.0
            +---------+---------+-------+---------+---------+-------
        D:1 |      54 |       0 |   0.0 |      28 |       0 |   0.0
        D:2 |     115 |       0 |   0.0 |      35 |       0 |   0.0
        D:3 |      20 |       0 |   0.0 |       5 |       0 |   0.0
            +---------+---------+-------+---------+---------+-------
